 Dungeon Crawl Stone Soup version 0.20.0-15-g7f486f2 (webtiles) character file.

17 renl the Cutter (level 2, -7/18 HPs)
             Began as a Kobold Warper on July 1, 2017.
             Mangled by a gnoll
             ... wielding a +0 halberd
              (12 damage)
             ... on level 1 of the Dungeon.
             The game lasted 00:06:51 (545 turns).

renl the Cutter (Kobold Warper)                      Turns: 545, Time: 00:06:52

Health: -7/18      AC:  3    Str:  8    XL:     2   Next: 80%
Magic:  1/5        EV: 14    Int: 14    God:
Gold:   2          SH:  0    Dex: 14    Spells: 4/6 levels left

rFire    . . .     SeeInvis .   a - +0 short sword
rCold    . . .     Gourm    .   (shield restricted)
rNeg     . . .     Faith    .   b - +0 leather armour
rPois    .         Spirit   .   (no helmet)
rElec    .         Reflect  .   (no cloak)
rCorr    .         Harm     .   (no gloves)
MR       .....                  (no boots)
Stlth    +.........             (no amulet)
Regen    0.1/turn               (no ring)
MPRegen  0.1/turn               (no ring)

@: no status effects
A: carnivore 3
a: no special abilities


You were on level 1 of the Dungeon.
You were very full.

You visited 1 branch of the dungeon, and saw 1 of its levels.

You collected 2 gold pieces.

Inventory:

Hand Weapons
 a - a +0 short sword (weapon)
Armour
 b - a +0 leather armour (worn)
Scrolls
 d - a scroll of blinking
 e - a scroll of enchant armour {unknown}
 g - a scroll of remove curse {unknown}
 h - a scroll of teleportation {unknown}
Books
 c - a book of Spatial Translocations

   Spells                             Type                      Level
   a - Blink                          Translocation                2
   b - Shroud of Golubria             Charms/Translocation         2
   c - Lesser Beckoning               Translocation                3
   d - Gell's Gravitas                Translocation                3
   e - Teleport Other                 Translocation                3
   f - Passage of Golubria            Translocation                4
Comestibles
 f - a meat ration
 i - 6 chunks of flesh


   Skills:
 + Level 2.4 Fighting
 + Level 3.0 Short Blades
 - Level 1.1 Throwing
 - Level 0.7 Armour
 + Level 2.8 Dodging
 + Level 2.6 Spellcasting
 + Level 3.0 Translocations


You had 4 spell levels left.
You knew the following spells:

 Your Spells              Type           Power        Failure   Level  Hunger
a - Blink                 Tloc           N/A          14%         2    ###....


Dungeon Overview and Level Annotations

Branches:
Dungeon (1/15)

Altars:


Innate Abilities, Weirdness & Mutations

You are small and have problems with some larger weapons.
You are carnivorous and can eat meat at any time.


Message History

Your magical contamination has completely faded away.
Casting: Blink
Confirm with . or Enter, or press ? or * to list all spells.
You blink.
The gnoll hits you with a halberd.
You barely miss the gnoll. The gnoll barely misses you.
You hit the gnoll.
The gnoll is moderately wounded.
The gnoll completely misses you.
You hit the gnoll.
The gnoll is heavily wounded.
You hit the gnoll.
The gnoll is heavily wounded.
The gnoll hits you with a halberd.
* * * LOW HITPOINT WARNING * * *
You hit the gnoll but do no damage.
The gnoll is heavily wounded.
The gnoll hits you with a halberd!
Ouch! That really hurt!
You die...

gg..# #..##....... ###.####
#.....#.#.## #......# #.........#
#.#.##.###### ### ##......###
............####.######......#
.#.#.#.#.#...............g...#
...........#[###.#########.###
#.#.#.#.#.#..# #.# #.#
.............# #@#### ##'##
.#.#.#.#.#.#.# #g...# ##..(##
.............###....# ##....(##
#.#.#.#.#.#.#.##....# #.......##
..............#....###.........#
.#.#.#.#.#.#.#....$..+........(+
...................###.........##
#.#.#.#.#.#.#.#..#.# ##..........
.................#.# ##.....#g##


You could see a gnoll.

Vanquished Creatures
  An ooze (D:1)
  A dart slug (D:1)
  A giant cockroach (D:1)
  A hobgoblin (D:1)
  A ball python (D:1)
  2 bats (D:1)
  2 frilled lizards (D:1)
  2 goblins (D:1)
  A kobold (D:1)
12 creatures vanquished.

Notes
Turn   | Place    | Note
-------+----------+-------------------------------------------
     0 | D:1      | renl the Kobold Warper began the quest for the Orb.
     0 | D:1      | Reached XP level 1. HP: 12/12 MP: 3/3
   156 | D:1      | Reached XP level 2. HP: 2/18 MP: 5/5
   161 | D:1      | Learned a level 2 spell: Blink
   545 | D:1      | Mangled by a gnoll

Skill      XL: |  1 |
---------------+----+-----
Short Blades   | 3 |  3.0
Fighting       | |  2.4
Throwing       | |  1.1
Armour         | |  0.7
Dodging        | |  2.8
Spellcasting   | |  2.6
Translocations | |  3.0

Action                   || total
-------------------------++-------
Melee: Short sword       ||    46
Throw: Tomahawk          ||     5
 Cast: Blink             ||    16
  Eat: Chunk             ||     6
Armor: Leather armour    ||    10
Dodge: Dodged            ||    40
